 Dungeon Crawl Stone Soup version 0.24.0-1-gfbc8707122 (webtiles) character file.

Game seed: 4622483470950314332, levelgen mode: deterministic

757383 MTVSty1e the Axe Maniac (level 27, -13/271 HPs)
             Began as a Minotaur Fighter on Oct 28, 2019.
             Was the Champion of the Shining One.
             Mangled by a juggernaut (50 damage)
             ... on level 14 of a ziggurat.
             The game lasted 03:03:49 (75641 turns).

MTVSty1e the Axe Maniac (Minotaur Fighter)         Turns: 75641, Time: 03:03:49

Health: -13/271    AC: 38    Str: 40    XL:     27
Magic:  19/31      EV: 19    Int: 11    God:    the Shining One [******]
Gold:   6592       SH: 40    Dex: 17    Spells: 26/26 levels left

rFire    + + .     SeeInvis +   E - +9 broad axe (holy)
rCold    + + .     Gourm    .   Y - +3 buckler of Protective Custody {rPois Dex+3 SInv}
rNeg     + + +     Faith    .   F - +8 gold dragon scales
rPois    +         Spirit   .   (helmet unavailable)
rElec    +         Reflect  +   P - scarf {rC+ rF+}
rCorr    .         Harm     .   N - +0 pair of gloves {archery}
MR       ++++.                  J - +2 pair of boots
Stlth    ..........             T - +6 amulet of reflection
HPRegen  0.55/turn              w - ring of the Mage {Wiz MR++ Int+3}
MPRegen  0.22/turn              R - ring "Kiull" {rElec Str+6 Slay+6}

@: mighty, divine shield, glowing, studying 2 skills
A: retaliatory headbutt, horns 3, large bone plates 1, clever 1, low mp 2, wild
magic 1
}: 5/15 runes: barnacled, slimy, silver, abyssal, gossamer
a: Divine Shield, Cleansing Flame, Summon Divine Warrior, Renounce Religion


You were on level 14 of a ziggurat.
You worshipped the Shining One.
The Shining One was exalted by your worship.
You were not hungry.

You visited 12 branches of the dungeon, and saw 54 of its levels.
You visited the Abyss 3 times.
You visited 2 bazaars.
You visited 1 ziggurat, and saw 14 of its levels.
You also visited: Sewer and Gauntlet.

You collected 10222 gold pieces.
You spent 3630 gold pieces at shops.

Inventory:

Hand Weapons
 E - a +9 broad axe of holy wrath (weapon)
 L - a +7 broad axe of venom
Armour
 r - the +2 hat of the Bear Spirit {Spirit, +Rage rN+ MR++}
   (You acquired it on level 6 of the Lair of Beasts)

   It protects you from negative energy.
   It affects your resistance to hostile enchantments.
   It lets you go berserk.
 x - the +1 hat of the Spheres {rElec rCorr Dex+2 Slay+2}
   (You acquired it on level 3 of the Elven Halls)

   It affects your dexterity (+2).
   It affects your accuracy and damage with ranged weapons and melee attacks
   (+2).
   It insulates you from electricity.
   It provides partial protection from all sources of acid and corrosion.
 F - +8 gold dragon scales (worn)
 G - the +13 crystal plate armour of the Great Game {Dex+3 Stlth+}
   (You acquired it on level 13 of a ziggurat)

   It affects your dexterity (+3).
   It makes you more stealthy.
 J - a +2 pair of boots (worn)
 N - a +0 pair of gloves of archery (worn)
 P - a scarf of resistance (worn)
 Y - the +3 buckler of Protective Custody (worn) {rPois Dex+3 SInv}
   (You found it on level 1 of the Elven Halls)

   It affects your dexterity (+3).
   It protects you from poison.
   It lets you see invisible.
Jewellery
 j - an uncursed ring of flight
 w - the ring of the Mage (left hand) {Wiz MR++ Int+3}
   (You bought it in a shop in a bazaar)

   [ring of wizardry]

   It improves your spell success rate.
   It affects your intelligence (+3).
   It affects your resistance to hostile enchantments.
 D - the ring "Rovopaptoy" {MR+ AC+2}
   (You found it on level 11 of a ziggurat)

   [ring of protection]

   It affects your AC (+2).
   It affects your resistance to hostile enchantments.
 Q - the amulet of Duusas {Inacc rN+ Stlth+}
   (You found it on level 13 of a ziggurat)

   [amulet of inaccuracy]

   It reduces the accuracy of all your attacks.
   It protects you from negative energy.
   It makes you more stealthy.
 R - the ring "Kiull" (right hand) {rElec Str+6 Slay+6}
   (You acquired it on level 2 of the Lair of Beasts)

   [ring of strength]

   It affects your strength (+6).
   It affects your accuracy and damage with ranged weapons and melee attacks
   (+6).
   It insulates you from electricity.
 T - a +6 amulet of reflection (around neck)
 U - the ring "Idyas" {Fire rN+ MR+++ MP+9 Int-5}
   (You took it off a minotaur in a Gauntlet)

   [ring of fire]

   It enhances your fire magic.
   It affects your intelligence (-5).
   It protects you from fire.
   It makes you vulnerable to cold.
   It protects you from negative energy.
   It affects your resistance to hostile enchantments.
   It affects your magic capacity (+9).
Wands
 b - a wand of paralysis (34)
 d - a wand of iceblast (43)
 q - a wand of enslavement (30)
 y - a wand of digging (11)
 C - a wand of flame (16)
 H - a wand of disintegration (100)
 M - a wand of polymorph (59)
 V - a wand of scattershot (5)
Scrolls
 n - 16 scrolls of identify
 o - 28 scrolls of teleportation
 p - 15 scrolls of fog
 s - 28 scrolls of remove curse
 u - 13 scrolls of magic mapping
 I - 3 scrolls of holy word
 K - 2 scrolls of enchant weapon
 O - 8 scrolls of blinking
 S - 5 scrolls of fear
 X - 3 scrolls of summoning
 Z - 2 scrolls of amnesia
Potions
 c - 12 potions of agility
 e - 11 potions of berserk rage
 g - 2 potions of magic
 h - 20 potions of flight
 i - 28 potions of curing
 k - 4 potions of cancellation
 l - 11 potions of brilliance
 m - 3 potions of heal wounds
 t - 5 potions of mutation
 v - 10 potions of ambrosia
 z - 8 potions of haste
 B - 4 potions of resistance
 W - 4 potions of might
Books
 a - a manual of Dodging
 A - a manual of Polearms
Comestibles
 f - 34 rations


   Skills:
 * Level 26.7 Fighting
 O Level 27 Axes
 + Level 22.9 Armour
 + Level 16.0 Dodging
 + Level 22.9 Shields
 * Level 26.3 Invocations


You had 26 spell levels left.
You didn't know any spells.
Your spell library contained the following spells:

 Spells                   Type           Power        Failure   Level  Hunger
 Apportation              Tloc           #.....       58%         1    ##.....
 Corona                   Hex            #......      58%         1    ##.....
 Flame Tongue             Conj/Fire      #....        58%         1    ##.....
 Freeze                   Ice            #...         58%         1    ##.....
 Infusion                 Chrm           #...         58%         1    ##.....
 Magic Dart               Conj           #...         58%         1    ##.....
 Pain                     Necr           #...         58%         1    ##.....
 Sandblast                Erth           #.....       58%         1    ##.....
 Shock                    Conj/Air       #...         58%         1    ##.....
 Sting                    Conj/Pois      #...         58%         1    ##.....
 Summon Butterflies       Summ           #.......     58%         1    ##.....
 Summon Small Mammal      Summ           #...         58%         1    ##.....
 Blink                    Tloc           N/A          71%         2    ###....
 Call Imp                 Summ           #.......     71%         2    ###....
 Corpse Rot               Necr           N/A          71%         2    ###....
 Ensorcelled Hibernation  Hex/Ice        #.....       71%         2    ###....
 Passwall                 Tmut/Erth      #.......     71%         2    ###....
 Poisonous Vapours        Pois/Air       #.....       71%         2    ###....
 Shroud of Golubria       Chrm/Tloc      #.....       71%         2    ###....
 Slow                     Hex            #.......     71%         2    ###....
 Song of Slaying          Chrm           #.......     71%         2    ###....
 Sublimation of Blood     Necr           #.........   71%         2    ###....
 Swiftness                Chrm/Air       #.......     71%         2    ###....
 Throw Flame              Conj/Fire      #.....       71%         2    ###....
 Throw Frost              Conj/Ice       #.....       71%         2    ###....
 Call Canine Familiar     Summ           #.......     89%         3    ####...
 Confuse                  Hex            #.......     89%         3    ####...
 Conjure Flame            Conj/Fire      #.......     89%         3    ####...
 Dazzling Spray           Conj/Hex       #.....       89%         3    ####...
 Gell's Gravitas          Tloc           #.........   89%         3    ####...
 Ignite Poison            Fire/Tmut/Pois #.......     89%         3    ####...
 Inner Flame              Hex/Fire       #.......     89%         3    ####...
 Lesser Beckoning         Tloc           #.........   89%         3    ####...
 Mephitic Cloud           Conj/Pois/Air  #.......     89%         3    ####...
 Ozocubu's Armour         Chrm/Ice       #.......     89%         3    ####...
 Portal Projectile        Hex/Tloc       #.....       89%         3    ####...
 Recall                   Summ/Tloc      N/A          89%         3    ####...
 Regeneration             Chrm/Necr      #.........   89%         3    ####...
 Spectral Weapon          Hex/Chrm       #.......     89%         3    ####...
 Spider Form              Tmut/Pois      #.........   89%         3    ####...
 Static Discharge         Conj/Air       #.......     89%         3    ####...
 Stone Arrow              Conj/Erth      #.....       89%         3    ####...
 Summon Guardian Golem    Hex/Summ       #.......     89%         3    ####...
 Teleport Other           Tloc           #.......     89%         3    ####...
 Tukima's Dance           Hex            #.......     89%         3    ####...
 Airstrike                Air            #.........   99%         4    #####..
 Animate Dead             Necr           N/A          99%         4    #####..
 Cause Fear               Hex            #.........   99%         4    #####..
 Fulminant Prism          Conj/Hex       #.........   99%         4    #####..
 Leda's Liquefaction      Hex/Erth       #.........   99%         4    #####..
 Olgreb's Toxic Radiance  Pois           #.......     99%         4    #####..
 Passage of Golubria      Tloc           N/A          99%         4    #####..
 Petrify                  Tmut/Erth      #.......     99%         4    #####..
 Sticky Flame             Conj/Fire      #.......     99%         4    #####..
 Summon Ice Beast         Ice/Summ       #.......     99%         4    #####..
 Summon Lightning Spire   Summ/Air       #.......     99%         4    #####..
 Throw Icicle             Conj/Ice       #.......     99%         4    #####..
 Agony                    Necr           #.......     100%        5    ######.
 Alistair's Intoxication  Tmut/Pois      #.......     100%        5    ######.
 Aura of Abjuration       Summ           #.........   100%        5    ######.
 Bolt of Magma            Conj/Fire/Erth #.........   100%        5    ######.
 Borgnjor's Vile Clutch   Necr/Erth      #.........   100%        5    ######.
 Dispel Undead            Necr           #.......     100%        5    ######.
 Fireball                 Conj/Fire      #.........   100%        5    ######.
 Irradiate                Conj/Tmut      #.........   100%        5    ######.
 Iskenderun's Battlesphe  Conj/Chrm      #.......     100%        5    ######.
 Lee's Rapid Deconstruct  Erth           #.........   100%        5    ######.
 Lightning Bolt           Conj/Air       #.........   100%        5    ######.
 Metabolic Englaciation   Hex/Ice        #.........   100%        5    ######.
 Silence                  Hex/Air        #.........   100%        5    ######.
 Summon Demon             Summ           #.........   100%        5    ######.
 Summon Forest            Summ/Tloc      #.........   100%        5    ######.
 Summon Mana Viper        Hex/Summ       #.......     100%        5    ######.
 Venom Bolt               Conj/Pois      #.........   100%        5    ######.
 Bolt of Fire             Conj/Fire      #.........   100%        6    #######
 Conjure Ball Lightning   Conj/Air       #.........   100%        6    #######
 Darkness                 Hex            #.........   100%        6    #######
 Death Channel            Necr           #.........   100%        6    #######
 Deflect Missiles         Chrm/Air       #.........   100%        6    #######
 Dispersal                Tloc           #.........   100%        6    #######
 Freezing Cloud           Conj/Ice/Air   #.........   100%        6    #######
 Hydra Form               Tmut           #.........   100%        6    #######
 Invisibility             Hex            #.......     100%        6    #######
 Iron Shot                Conj/Erth      #.........   100%        6    #######
 Ozocubu's Refrigeration  Ice            #.........   100%        6    #######
 Shadow Creatures         Summ           N/A          100%        6    #######
 Simulacrum               Ice/Necr       #.........   100%        6    #######
 Statue Form              Tmut/Erth      #........    100%        6    #######
 Dragon Form              Tmut           #.........   100%        7    #######
 Malign Gateway           Summ/Tloc      #.........   100%        7    #######
 Monstrous Menagerie      Summ           #.........   100%        7    #######
 Orb of Destruction       Conj           #.........   100%        7    #######
 Ring of Flames           Chrm/Fire      #.........   100%        7    #######
 Spellforged Servitor     Conj/Summ      #.........   100%        7    #######
 Summon Greater Demon     Summ           #.........   100%        7    #######
 Summon Hydra             Summ           #.........   100%        7    #######
 Discord                  Hex            #.........   100%        8    #######
 Ignition                 Fire           #.........   100%        8    #######
 Infestation              Necr           #.........   100%        8    #######
 Summon Horrible Things   Summ           #.........   100%        8    #######
 Shatter                  Erth           #.........   100%        9    #######
 Tornado                  Air            #.........   100%        9    #######


Dungeon Overview and Level Annotations

Branches:
Dungeon (15/15)            Temple (1/1) D:6            Lair (6/6) D:9
 Shoals (4/4) Lair:3       Spider (4/4) Lair:4        Slime (5/5) Lair:6
    Orc (2/2) D:10            Elf (3/3) Orc:2        Vaults (5/5) D:13
  Crypt (3/3) Vaults:3       Tomb (0/3) Crypt:3      Depths (5/5) D:15
   Hell (visited)             Dis (0/7) Hell            Geh (0/7) Hell
    Coc (0/7) Hell            Tar (0/7) Hell            Zot (0/5) Depths:5
  Sewer (visited)         Gauntlet (visited)

Altars:
Ashenzari
Cheibriados
Dithmenos
Elyvilon
Fedhas
Gozag
Hepliaklqana
Kikubaaqudgha
Makhleb
Nemelex Xobeh
Okawaru
Qazlal
Ru
Sif Muna
Trog
Uskayaw
Vehumet
Wu Jian
Xom
Yredelemnul
Zin
The Shining One
Jiyva
Lugonu

Shops:
D:8 *   D:14 %   Orc:2 (([((   Vaults:2 =   Depths:1 **   Depths:5 =(

Portals:
Hell: Depths:1 Depths:2 Depths:3 Depths:4 Depths:5
Abyss: Depths:2 Depths:4
Pandemonium: Depths:2 Depths:3 Depths:4
Bazaar: Vaults:4
Trove: Depths:5 (give +5 demon whip)

Annotations:
D:12 3 runed translucent doors, MTVSty1e's ghost, journeyman MiFi
Elf:1 3 runed translucent doors, exclusion: obsidian statue, Donald; Tuny's ghost, adept SpEn


Innate Abilities, Weirdness & Mutations

You reflexively headbutt those who attack you in melee.
You have a pair of large horns on your head.
You are partially covered in large bone plates. (SH +4)
Your mind is acute. (Int +2)
Your magical capacity is very low. (-20% MP)
Your spells are a little harder to cast, but a little more powerful.


Message History

The juggernaut hits you but does no damage. x2
The iron troll bites you!!
* * * LOW HITPOINT WARNING * * *
You block the iron troll's attack.
The iron troll claws you but does no damage.
The iron troll rages.
The moth of wrath goads the ogre on!
The ogre goes berserk!
The orc high priest utters an invocation to Beogh.
The moth of wrath goads the troll on!
The troll goes berserk!
The iron troll barely misses you. You furiously retaliate!
You headbutt the iron troll! The iron troll claws you!!
The Shining One protects you from harm!
The iron troll claws you but does no damage.
Okay, then.
Okay, then.
You feel much better. You block the juggernaut's attack.
The juggernaut misses you.
The troll rages.
The ogre rages.
The juggernaut hits you!!!
You die...

▓▓▓▓▓▓▓▓▓▓▓▓▓
▓...........▓▓
.............▓▓
....4.........▓▓
....o..o.......▓▓
..o..OoT........▓▓
...OyoCT.........▓▓
..oTyCC@........∩.▓
.Cy.oTCC.........▓▓
....o.To........▓▓
...............▓▓
..............▓▓
.............▓▓
▓...........▓▓
▓▓▓▓▓▓▓▓▓▓▓▓▓


You could see 4 juggernauts, 2 orc warlords, 4 iron trolls, 2 stone giants, 2
orc high priests, a two-headed ogre, 3 moths of wrath, a hellwing, a troll
(berserk), 3 orc warriors, an ogre (berserk) and 2 orc wizards.

Vanquished Creatures
  the Royal Jelly (Slime:5)
  A pandemonium lord (Zig:2)
  Khufu (Crypt:2)
  4 ancient liches
  Mara (D:15)
  Mennas (Vaults:5)
  3 juggernauts
  2 greater mummies (Crypt:2)
  Sojobo (Depths:2)
  Boris (twice) (Vaults:2 Crypt:1)
  2 shard shrikes (Zig:13)
  Bai Suzhen (Shoals:4)
  Saint Roka (Vaults:3)
  Geryon (Hell)
  5 caustic shrikes
  Arachne (Spider:3)
  4 golden dragons
  Nikola (Shoals:3)
  5 bone dragons
  A shard shrike zombie (Crypt:1)
  A hellephant (Zig:6)
  8 tentacled monstrosities
  2 Ice Fiends (Zig:13)
  Asterion (Elf:2)
  9 liches
  3 quicksilver dragons (Vaults:5)
  5 deep elf master archers
  9 titans
  8 deep elf blademasters
  An Executioner (Abyss:5)
  10 ancient champions
  Polyphemus (Shoals:3)
  11 tentacled starspawn (Abyss:5)
  3 sphinxes
  17 acid blobs
  6 storm dragons
  A kraken (Shoals:4)
  6 shadow dragons
  Ilsuiw (Shoals:4)
  18 tengu reavers
  A daeva (Abyss:5)
  9 azure jellies
  25 fire giants
  4 draconian monks (Zig:12)
  8 nagarajas
  2 draconian knights
  2 azure jellies (shapeshifter) (Vaults:5)
  9 deep elf sorcerers
  24 frost giants
  8 revenants
  A cacodemon (Hell)
  Louise (D:14)
  8 emperor scorpions
  4 draconian scorchers
  2 draconian stormcallers (Zig:12)
  2 balrugs (Abyss:5)
  Aizul (Shoals:3)
  4 reapers
  8 ghost moths
  3 orc warlords
  16 vault wardens
  An iron dragon (Vaults:5)
  An angel (Abyss:5)
  6 ghouls
  8 deep elf elementalists
  A ghost moth (shapeshifter) (Vaults:5)
  A curse skull (Crypt:3)
  15 ironheart preservers
  A draconian shifter (Zig:12)
  7 caustic shrike skeletons
  2 war gargoyles (Hell)
  2 ophanim (Abyss:5)
  The ghost of CPrA the Severer, a journeyman MiHu of Okawaru (Orc:2)
  39 stone giants
  A spriggan defender (Depths:4)
  12 entropy weavers
  18 very ugly things
  4 vampire knights
  A blood saint (Zig:11)
  2 draconian annihilators (Zig:12)
  13 deep elf demonologists
  5 black draconians
  2 yellow draconians
  3 green draconians
  16 deep elf annihilators
  A purple draconian (Zig:12)
  3 red draconians
  4 minotaurs
  3 white draconians
  A spark wasp (shapeshifter) (Depths:4)
  2 dire elephants
  8 spark wasps
  14 ettins
  15 deep elf death magi
  6 merfolk javelineers
  4 blizzard demons
  6 eidola
  12 fire dragons
  A green death (Abyss:5)
  11 merfolk impalers
  8 death oozes (Slime:5)
  Josephine (D:15)
  A quicksilver dragon zombie (Crypt:3)
  17 yaktaur captains
  A crystal guardian (Vaults:4)
  4 mummy priests (Crypt:2)
  A great orb of eyes (shapeshifter) (Depths:3)
  10 deep elf high priests
  13 jiangshi
  5 naga warriors
  18 ice dragons
  15 great orbs of eyes
  9 hydras
  2 monstrous demonspawn (Depths:4)
  4 hell beasts
  Fannar (Lair:2)
  A quicksilver dragon skeleton (Crypt:3)
  5 rakshasas
  An anaconda (Depths:1)
  7 spriggan air magi
  2 catoblepae
  40 vault guards
  5 merfolk avatars
  An alligator snapping turtle (Shoals:4)
  29 two-headed ogres
  15 centaur warriors
  5 death knights
  4 merfolk aquamancers
  10 ogre magi
  6 death yaks
  38 dancing weapons
  15 vampire magi
  4 tengu warriors
  3 satyrs
  6 hell hogs
  Urug (Lair:5)
  14 deep troll earth magi
  12 thrashing horrors
  An orc high priest (Zig:10)
  19 deep troll shamans
  2 iron golems (Hell)
  8 spriggan berserkers
  3 soul eaters
  A shock serpent (shapeshifter) (Elf:3)
  A shock serpent (Zig:7)
  A sixfirhy (Hell)
  7 iron trolls
  12 wretched stars
  11 sun demons
  36 deep elf knights
  2 titan skeletons
  29 skeletal warriors
  2 spriggans (Depths:3)
  6 spatial maelstroms (Abyss:5)
  16 hell knights
  A quicksilver dragon simulacrum (Zig:13)
  Nergalle (D:10)
  A ghost moth zombie (Crypt:3)
  2 storm dragon skeletons (Crypt:3)
  A sea snake (shapeshifter) (Vaults:5)
  3 salamander mystics
  7 flayed ghosts
  38 deep trolls
  3 unseen horrors
  An anaconda zombie (Hell)
  A death drake (Abyss:5)
  A shadow demon (Depths:4)
  5 wizards
  A death drake (shapeshifter) (D:13)
  A glowing orange brain (shapeshifter) (Vaults:5)
  2 cherubim (Abyss:5)
  A sphinx zombie (Crypt:3)
  A spriggan druid (Zig:3)
  9 phantasmal warriors
  3 glowing orange brains
  2 obsidian statues
  2 golden dragon skeletons (Crypt:3)
  A swamp dragon (Zig:3)
  2 lindwurms (Depths:1)
  9 sea snakes
  25 harpies
  17 ironbrand convokers
  24 deep elf archers
  A gelid demonspawn (Depths:4)
  2 stone giant zombies
  10 necromancers
  A fire giant zombie (Depths:2)
  2 shadow dragon skeletons (Crypt:3)
  62 wolf spiders
  16 orc knights
  4 frost giant zombies
  24 orb spiders
  79 deep elf magi
  A mana viper (shapeshifter) (Abyss:5)
  10 cyclopes
  13 fauns
  4 orc sorcerers
  2 moths of wrath
  2 salamanders (shapeshifter)
  53 ugly things
  15 manticores
  2 salamanders
  12 elephants
  3 shining eyes
  28 large abominations
  8 black mambas
  7 merfolk sirens
  A moth of wrath (shapeshifter) (Zig:10)
  A cyclops (shapeshifter) (Depths:4)
  2 worldbinders (Abyss:5)
  16 vault sentinels
  5 fire giant skeletons
  An elephant (shapeshifter) (Depths:3)
  A sphinx skeleton (Vaults:1)
  9 guardian serpents
  Psyche (D:11)
  A guardian serpent (shapeshifter) (Depths:1)
  9 rust devils (Hell)
  4 apocalypse crabs
  A frost giant skeleton (Vaults:1)
  3 gargoyles
  2 torpor snails
  An elf zombie (Hell)
  6 naga magi
  An eye of devastation (Slime:5)
  11 water nymphs
  A torpor snail (shapeshifter) (Depths:3)
  15 spiny frogs
  3 orange demons
  6 smoke demons
  A dire elephant skeleton (Crypt:3)
  2 hellions (Hell)
  A yaktaur zombie (Hell)
  2 kobold demonologists (D:13)
  11 komodo dragons
  56 yaktaurs
  3 hellwings
  4 rime drakes
  12 ice devils
  A tengu conjurer (Depths:1)
  A black draconian skeleton (Crypt:1)
  18 demonic crawlers
  A redback zombie (Crypt:2)
  14 freezing wraiths
  3 guardian mummies
  A yellow draconian skeleton (Crypt:3)
  A minotaur skeleton (Crypt:3)
  A wind drake (shapeshifter) (Depths:4)
  6 ancient zymes
  7 red devils
  A polar bear (shapeshifter) (Abyss:5)
  50 jumping spiders
  10 trolls
  A hydra zombie (Hell)
  A silent spectre (Abyss:5)
  A wind drake (Shoals:2)
  A meliai (D:13)
  A purple draconian skeleton (Crypt:1)
  33 merfolk
  2 polar bears (Lair:6)
  A merfolk (shapeshifter) (Depths:4)
  A tyrant leech (Zig:3)
  A pale draconian skeleton (Crypt:1)
  35 slime creatures
  A bog body (Zig:1)
  11 hornets
  9 hippogriffs
  A harpy skeleton (Crypt:3)
  A fire giant simulacrum (Vaults:4)
  30 raiju (Abyss:5)
  A tarantella zombie (Crypt:3)
  A jumping spider zombie (Crypt:1)
  A raiju (shapeshifter) (Abyss:2)
  An alligator zombie (Hell)
  An ettin zombie (Hell)
  9 snapping turtles
  20 blink frogs
  2 ice dragon zombies (Hell)
  2 hydra skeletons
  25 dream sheep
  2 iron dragon simulacra
  A guardian serpent zombie (Crypt:2)
  3 air elementals
  3 spriggan zombies (Hell)
  14 flying skulls
  An ettin skeleton (Crypt:3)
  A redback (shapeshifter) (Depths:3)
  89 redbacks
  38 starcursed masses
  A vampire (D:14)
  2 spriggans (shapeshifter)
  13 water elementals
  A satyr skeleton (Crypt:1)
  39 tarantellas
  A wyvern (shapeshifter) (Depths:2)
  An ushabti (Zig:5)
  3 shadows
  2 ynoxinuls
  10 wraiths
  18 yaks
  2 basilisks
  A black mamba skeleton (Crypt:2)
  A yak (shapeshifter) (Vaults:5)
  A golden eye (Slime:5)
  A golden eye (shapeshifter) (Depths:3)
  6 vampire mosquitoes
  3 hungry ghosts
  A steam dragon (D:13)
  14 fire elementals
  11 neqoxecs
  11 spatial vortices
  2 chaos spawn
  A deep troll zombie (Crypt:1)
  A catoblepas simulacrum (Abyss:5)
  3 human zombies
  11 wargs
  13 nagas
  2 hydra simulacra (Hell)
  A deep troll skeleton (Crypt:2)
  A swamp drake (Zig:3)
  A porcupine (Lair:4)
  A human skeleton (Zig:5)
  A spiny frog skeleton (Hell)
  14 water moccasins
  3 floating eyes
  4 sky beasts
  2 black bears
  An eye of draining (Slime:1)
  61 orc warriors
  6 ice beasts
  An alligator simulacrum (Hell)
  38 ogres
  3 necrophages
  22 centaurs
  18 wolves
  22 boggarts
  A snapping turtle skeleton (Crypt:3)
  A blink frog skeleton (Crypt:2)
  A hog skeleton (Crypt:2)
  12 big kobolds
  A swamp dragon skeleton (Crypt:3)
  14 crocodiles
  18 bullfrogs
  A wyvern zombie (D:7)
  7 earth elementals
  13 small abominations
  4 scorpions
  2 electric eels (Spider:1)
  5 howler monkeys
  17 killer bees
  35 wights
  12 crimson imps
  5 bullfrog zombies
  3 quasits
  A soldier ant zombie (Crypt:2)
  3 centaur zombies
  22 orc priests
  Crazy Yiuf (D:6)
  2 bullfrog skeletons (D:12)
  7 hounds
  6 jellies
  5 centaur skeletons
  7 iron imps
  Jessica (D:3)
  8 iguanas
  25 orc wizards
  7 hell rats (Hell)
  16 worker ants
  A killer bee zombie (D:8)
  2 crocodile skeletons (Crypt:2)
  A tengu skeleton (Crypt:3)
  6 mummies
  4 worker ant zombies
  12 gnolls
  18 adders
  7 shadow imps
  2 white imps (Depths:5)
  5 oozes
  An adder skeleton (D:4)
  An adder zombie (D:7)
  4 worms
  A dart slug (D:1)
  8 leopard geckos
  106 orcs
  A bat skeleton (Crypt:1)
  6 giant cockroaches
  2 gnoll zombies (D:8)
  10 goblins
  6 hobgoblins
  15 jackals
  14 kobolds
  3 quokkas
  4 ball pythons
  18 bats
  6 frilled lizards
  A goblin skeleton (Crypt:1)
  A jackal skeleton (Crypt:1)
  A leopard gecko zombie (D:5)
  An orc zombie (Crypt:3)
  2 quokka skeletons (D:8)
  A quokka zombie (D:8)
  9 rats
  A fungus (Lair:5)
  7 plants
  11 starspawn tentacles (Abyss:5)
3164 creatures vanquished.

Vanquished Creatures (others)
  A quicksilver dragon (Vaults:5)
  A rakshasa (Abyss:5)
  4 centaur warriors
  2 satyrs (Shoals:3)
  2 deep elf archers
  2 deep elf magi (Zig:10)
  A water nymph (Shoals:4)
  7 yaktaurs
  A raiju (Abyss:5)
  A wraith (Vaults:1)
  A chaos spawn (Abyss:5)
  A naga (Depths:1)
  An orc warrior (Orc:2)
  12 centaurs
  A boggart (Vaults:2)
  9 orcs
  11 bushes (Abyss:5)
  13 demonic plants (Abyss:5)
  16 fungi
  A lurking horror (Abyss:5)
  11 plants
  26 starspawn tentacles (Abyss:5)
  4 tentacles (Shoals:4)
  2 toadstools (Depths:3)
131 creatures vanquished.

Grand Total: 3295 creatures vanquished

Notes
Turn   | Place    | Note
-------+----------+-------------------------------------------
     0 | D:1      | MTVSty1e the Minotaur Fighter began the quest for the Orb.
     0 | D:1      | Reached XP level 1. HP: 19/19 MP: 0/0
   102 | D:1      | Reached skill level 3 in Axes
   137 | D:1      | Reached XP level 2. HP: 27/27 MP: 1/1
   667 | D:2      | Reached XP level 3. HP: 21/33 MP: 2/2
   875 | D:2      | Reached skill level 4 in Axes
  1051 | D:2      | Reached XP level 4. HP: 41/41 MP: 3/3
  1264 | D:2      | Found a bloodstained altar of Trog.
  1412 | D:2      | Reached skill level 5 in Axes
  1625 | D:3      | Reached XP level 5. HP: 19/47 MP: 4/4
  1627 | D:3      | Reached skill level 5 in Fighting
  1983 | D:3      | Found a glowing drain.
  2008 | Sewer    | Entered a sewer
  2378 | Sewer    | Reached skill level 6 in Axes
  2907 | D:3      | Found a radiant altar of Vehumet.
  2959 | D:3      | Reached XP level 6. HP: 56/56 MP: 5/5
  3178 | D:3      | Noticed Jessica
  3190 | D:3      | Killed Jessica
  3599 | D:4      | Reached skill level 7 in Axes
  3788 | D:4      | Found an ancient bone altar of Kikubaaqudgha.
  3835 | D:4      | Noticed a hippogriff
  3842 | D:4      | Killed a hippogriff
  3842 | D:4      | Reached skill level 8 in Axes
  3842 | D:4      | Reached XP level 7. HP: 51/64 MP: 6/6
  3993 | D:4      | Found a sparkling altar of Nemelex Xobeh.
  4343 | D:5      | Entered Level 5 of the Dungeon
  4554 | D:6      | Found a staircase to the Ecumenical Temple.
  4564 | Temple   | Entered the Ecumenical Temple
  4725 | Temple   | Became a worshipper of Warmaster Okawaru
  4822 | D:6      | Reached skill level 9 in Axes
  5028 | D:6      | Reached XP level 8. HP: 73/73 MP: 7/7
  5455 | D:6      | Found a runed translucent door.
  5456 | D:6      | Noticed Crazy Yiuf
  5464 | D:6      | Killed Crazy Yiuf
  5613 | D:6      | Found a shattered altar of Ashenzari.
  6254 | D:5      | Reached * piety under Okawaru
  6257 | D:5      | Reached skill level 10 in Axes
  6926 | D:5      | Found a sacrificial altar of Ru.
  7292 | D:7      | Reached ** piety under Okawaru
  7292 | D:7      | Reached skill level 11 in Axes
  7432 | D:7      | Found a white marble altar of Elyvilon.
  7478 | D:7      | Reached XP level 9. HP: 71/82 MP: 8/8
  8120 | D:8      | Reached skill level 12 in Axes
  8613 | D:8      | Found a basalt altar of Yredelemnul.
  8664 | D:8      | Found Fummuc's Assorted Antiques.
  8676 | D:8      | Bought a pair of gloves for 121 gold pieces
  8676 | D:8      | Bought a potion of might for 108 gold pieces
  9016 | D:9      | Noticed a gargoyle
  9024 | D:9      | Killed a gargoyle
  9024 | D:9      | Reached skill level 10 in Fighting
  9024 | D:9      | Reached skill level 13 in Axes
  9030 | D:9      | Reached *** piety under Okawaru
  9036 | D:9      | Noticed a two-headed ogre
  9719 | D:9      | Reached XP level 10. HP: 87/94 MP: 9/9
  9804 | D:9      | Found a staircase to the Lair.
  9900 | D:9      | Killed a two-headed ogre
  9900 | D:9      | Reached **** piety under Okawaru
  9900 | D:9      | Reached skill level 14 in Axes
 10082 | D:9      | Found a blossoming altar of Fedhas.
 10156 | D:10     | Entered Level 10 of the Dungeon
 10162 | D:10     | Reached skill level 1 in Invocations
 10625 | D:10     | Found a staircase to the Orcish Mines.
 10661 | D:10     | Received a gift from Okawaru
 10857 | D:10     | Noticed a gargoyle
 10860 | D:10     | Killed a gargoyle
 10860 | D:10     | Reached ***** piety under Okawaru
 11034 | D:10     | Noticed Nergalle
 11041 | D:10     | Killed Nergalle
 11041 | D:10     | Reached skill level 5 in Armour
 11041 | D:10     | Reached skill level 5 in Shields
 11133 | D:10     | Reached XP level 11. HP: 102/102 MP: 12/12
 11306 | D:10     | Reached skill level 15 in Axes
 11809 | D:11     | Noticed a purple ugly thing
 12224 | D:11     | Killed a purple ugly thing
 12406 | D:11     | Noticed Psyche
 12412 | D:11     | Killed Psyche
 12506 | D:12     | Noticed an eight-headed hydra
 12579 | D:12     | Reached skill level 5 in Invocations
 12722 | D:12     | Found a runed translucent gate.
 12722 | D:12     | Found a runed translucent gate.
 12722 | D:12     | Found a runed translucent gate.
 12742 | D:12     | Received a gift from Okawaru
 12745 | D:12     | Got an ominously black robe {god gift}
 12746 | D:12     | Noticed MTVSty1e's ghost (journeyman MiFi)
 12805 | D:12     | Found a gate leading to a gauntlet.
 12814 | Gauntlet | Entered a Gauntlet
 12814 | Gauntlet | Found a transporter.
 12823 | Gauntlet | Found a transporter.
 12824 | Gauntlet | Found a transporter.
 12824 | Gauntlet | Noticed a death drake
 12825 | Gauntlet | Found a transporter.
 12828 | Gauntlet | Found a transporter.
 12829 | Gauntlet | Found a transporter.
 12833 | Gauntlet | Found a runed translucent door.
 12841 | Gauntlet | Noticed a fire crab
 12843 | Gauntlet | Found a runed translucent door.
 12845 | Gauntlet | Found a transporter.
 12846 | Gauntlet | Noticed a green death
 12865 | Gauntlet | Found a transporter.
 12865 | Gauntlet | Noticed a reaper
 12883 | Gauntlet | Found a transporter.
 12887 | Gauntlet | Found a transporter.
 12902 | Gauntlet | Found a transporter.
 12966 | Gauntlet | Found a transporter.
 12994 | Gauntlet | Noticed a four-headed hydra
 13090 | Gauntlet | Got a pair of faintly glowing gloves
 13101 | Gauntlet | Identified the cursed +0 pair of gloves of Leaves {rElec}
                  | (You found it in a Gauntlet)
 13147 | Gauntlet | Killed a reaper
 13158 | Gauntlet | Got a pair of fine gloves
 13176 | Gauntlet | Identified the +4 pair of gloves "Yplalev" {rElec MR-
                  | Regen+ Str+4 SInv} (You found it in a Gauntlet)
 13198 | Gauntlet | Identified the ring "Idyas" {Fire rN+ MR+++ MP+9 Int-5}
 13198 | Gauntlet | Noticed a minotaur
 13215 | Gauntlet | Killed a minotaur
 13604 | Gauntlet | Got a shimmering tin ring
 13605 | Gauntlet | Got a slimy quarterstaff
 13681 | D:12     | Killed a four-headed hydra
 14078 | D:12     | Identified the ring of Ascent {Fire +Inv MP-9 Int+8} (You
                  | found it in a Gauntlet)
 14094 | D:12     | Noticed a red ugly thing
 14102 | D:12     | Killed a red ugly thing
 14102 | D:12     | Reached XP level 12. HP: 112/112 MP: 6/15
 14195 | D:12     | Noticed a four-headed hydra
 14201 | D:12     | Killed a one-headed hydra
 14201 | D:12     | Reached skill level 16 in Axes
 14572 | D:13     | Found a stormy altar of Qazlal.
 14670 | D:13     | Noticed a vault guard
 14675 | D:13     | Noticed a vault guard
 14676 | D:13     | Noticed a vault guard
 14996 | Lair:1   | Entered Level 1 of the Lair of Beasts
 15108 | Lair:1   | Reached ****** piety under Okawaru
 15110 | Lair:1   | Received a gift from Okawaru
 15124 | Lair:1   | Lost intelligence.
 15707 | Lair:2   | Noticed Fannar
 15720 | Lair:2   | Killed Fannar
 15913 | Lair:2   | Got a brightly glowing iron amulet
 15974 | Lair:2   | Identified 3 scrolls of acquirement
 15977 | Lair:2   | Got a flickering golden ring
 15991 | Lair:2   | Identified the amulet "Atifevi" {Gourm rElec Str+3 Int-5}
                  | (You found it on level 2 of the Lair of Beasts)
 16390 | Lair:3   | Noticed a four-headed hydra
 16403 | Lair:3   | Killed a one-headed hydra
 16608 | Lair:3   | Identified the ring "Kiull" {rElec Str+6 Slay+6} (You
                  | acquired it on level 2 of the Lair of Beasts)
 16729 | Lair:3   | Found a staircase to the Shoals.
 16732 | Lair:3   | Reached XP level 13. HP: 116/119 MP: 18/18
 16740 | Lair:3   | Reached skill level 17 in Axes
 16963 | Lair:3   | You fall into a shaft and drop 3 floors!
 16963 | Lair:6   | Entered Level 6 of the Lair of Beasts
 16969 | Lair:6   | Received a gift from Okawaru
 17053 | Lair:4   | Found a hole to the Spider Nest.
 18299 | Lair:5   | Noticed Urug
 18308 | Lair:5   | Killed Urug
 18666 | Lair:5   | Found a blossoming altar of Fedhas.
 18675 | Lair:5   | Received a gift from Okawaru
 19112 | Lair:6   | Reached skill level 10 in Invocations
 19285 | Lair:6   | Received a gift from Okawaru
 19583 | Lair:6   | Reached skill level 18 in Axes
 19583 | Lair:6   | Reached XP level 14. HP: 106/129 MP: 20/20
 19740 | Lair:6   | Received a gift from Okawaru
 19744 | Lair:6   | Got a crude hand axe {god gift}
 19745 | Lair:6   | Identified the +3 hand axe "Rionuff" {vamp, rPois rN+ MR+}
                  | (Okawaru gifted it to you on level 6 of the Lair of Beasts)
 19895 | Lair:6   | Found a viscous altar of Jiyva.
 19896 | Lair:6   | Found a staircase to the Slime Pits.
 20048 | Lair:6   | Reached skill level 10 in Armour
 20065 | Lair:6   | Reached skill level 10 in Shields
 20870 | D:13     | Received a gift from Okawaru
 20964 | D:13     | Found a gate to the Vaults.
 21658 | D:14     | Found Fetidoh's Food Shop.
 21814 | D:14     | Noticed Louise
 21830 | D:14     | Killed Louise
 22851 | D:15     | Entered Level 15 of the Dungeon
 22884 | D:15     | Reached skill level 19 in Axes
 22886 | D:15     | Reached XP level 15. HP: 121/139 MP: 21/23
 22906 | D:15     | Received a gift from Okawaru
 23233 | D:15     | Noticed Josephine
 23246 | D:15     | Killed Josephine
 23395 | D:15     | Found a staircase to the Depths.
 23636 | Orc:1    | Entered Level 1 of the Orcish Mines
 23906 | Orc:2    | Entered Level 2 of the Orcish Mines
 23916 | Orc:2    | Found a staircase to the Elven Halls.
 24102 | Orc:2    | Received a gift from Okawaru
 24150 | Orc:2    | Found Atietast's Armour Boutique.
 24150 | Orc:2    | Found Niumaiw's Antique Weapon Emporium.
 24152 | Orc:2    | Found Xajoish's Antique Weapon Shoppe.
 24154 | Orc:2    | Found Plog's Antique Weapon Shop.
 24168 | Orc:2    | Bought a scarf of resistance for 448 gold pieces
 24168 | Orc:2    | Bought the +3 warlock's mirror {reflect} for 560 gold
                  | pieces
 24168 | Orc:2    | Found the +3 warlock's mirror {reflect}
 24223 | Orc:2    | Identified the cursed +3 great mace "Arbiter" {protect,
                  | Fragile rC+ MR+ Int+2}
 24223 | Orc:2    | Identified the +7 great mace of Contention {drain, Int+2
                  | Dex+3 Stlth+}
 24228 | Orc:2    | Found a transporter.
 24256 | Orc:2    | Noticed CPrA's ghost (journeyman MiHu)
 24333 | Orc:2    | Found Ylery's Antique Weapon Emporium.
 24638 | Orc:2    | Found a transporter.
 24660 | Orc:2    | Killed CPrA's ghost
 24705 | Orc:2    | Got a glittering ruby amulet
 25615 | Shoals:1 | Entered Level 1 of the Shoals
 25796 | Shoals:1 | Reached skill level 15 in Fighting
 27077 | Shoals:2 | Identified the amulet of Kaigeumo {Faith rF+ rN+ Str-3
                  | SInv} (You found it on level 2 of the Orcish Mines)
 27171 | Shoals:2 | Reached XP level 16. HP: 80/149 MP: 18/24
 27332 | Shoals:2 | Received a gift from Okawaru
 27550 | Shoals:2 | Reached skill level 20 in Axes
 27938 | Shoals:2 | Got a blackened plate armour
 28603 | Shoals:3 | Noticed Aizul
 28614 | Shoals:3 | Killed Aizul
 29027 | Shoals:3 | Got a pitted golden ring
 29031 | Shoals:3 | Identified the ring "Puigeupigar" {*Corrode rElec rPois
                  | Int-3 Stlth-} (You found it on level 3 of the Shoals)
 29408 | Shoals:3 | Noticed Polyphemus
 29442 | Shoals:3 | Killed Polyphemus
 29843 | Shoals:4 | Entered Level 4 of the Shoals
 29975 | Shoals:4 | Received a gift from Okawaru
 30266 | Shoals:4 | Noticed Nikola
 30289 | Shoals:3 | Killed Nikola
 31282 | Shoals:4 | Noticed Ilsuiw
 31335 | Shoals:4 | Killed Ilsuiw
 31335 | Shoals:4 | Received a gift from Okawaru
 31773 | Shoals:4 | Noticed Bai Suzhen
 31791 | Shoals:4 | Noticed a kraken
 31803 | Shoals:4 | Killed a kraken
 32094 | Shoals:4 | Identified the cursed +3 quarterstaff of Cualouri {venom,
                  | Str+2}
 32158 | Shoals:4 | Identified the Volume of the Mountains and the Escort
 32644 | Shoals:4 | Reached XP level 17. HP: 139/158 MP: 26/26
 32665 | Shoals:4 | Received a gift from Okawaru
 32670 | Shoals:4 | Reached skill level 21 in Axes
 32705 | Shoals:4 | Got a barnacled rune of Zot
 33372 | Shoals:4 | Killed Bai Suzhen
 33776 | Spider:1 | Entered Level 1 of the Spider Nest
 33933 | Spider:1 | Received a gift from Okawaru
 34080 | Spider:1 | Reached skill level 15 in Invocations
 35576 | Spider:2 | Received a gift from Okawaru
 36023 | Spider:3 | Identified the cursed +0 plate armour "Todd" {rPois Str-2
                  | Int+9 Stlth-} (You found it on level 2 of the Shoals)
 36064 | Spider:3 | Reached XP level 18. HP: 122/168 MP: 28/28
 36257 | Spider:3 | Received a gift from Okawaru
 37135 | Spider:3 | Noticed Arachne
 37148 | Spider:3 | Reached skill level 22 in Axes
 37170 | Spider:3 | Killed Arachne
 37655 | Spider:4 | Entered Level 4 of the Spider Nest
 38045 | Spider:4 | Received a gift from Okawaru
 38772 | Spider:4 | Got a gossamer rune of Zot
 38898 | Spider:4 | Received a gift from Okawaru
 39507 | Vaults:1 | Entered Level 1 of the Vaults
 39545 | Vaults:1 | Cast into level 2 of the Abyss (a deep elf demonologist)
 39610 | Abyss:2  | Paralysed by accursed screaming for 1 turns
 39694 | Abyss:2  | Reached XP level 19. HP: 151/177 MP: 30/30
 39803 | Vaults:1 | Escaped the Abyss
 39807 | Vaults:1 | Noticed a Brimstone Fiend
 39808 | Vaults:1 | Received a gift from Okawaru
 40142 | Vaults:1 | Reached skill level 15 in Armour
 40142 | Vaults:1 | Reached skill level 15 in Shields
 40366 | Vaults:1 | Reached skill level 23 in Axes
 40546 | Vaults:1 | Received a gift from Okawaru
 41279 | Elf:1    | Entered Level 1 of the Elven Halls
 41291 | Elf:1    | Found an opulent altar of Gozag.
 41292 | Elf:1    | Found a runed translucent gate.
 41292 | Elf:1    | Found a runed translucent gate.
 41307 | Elf:1    | Found a runed translucent gate.
 41307 | Elf:1    | Noticed Tuny's ghost (adept SpEn)
 41313 | Elf:1    | Noticed Donald
 41709 | Elf:1    | Received a gift from Okawaru
 42101 | Elf:1    | Reached XP level 20. HP: 187/187 MP: 31/31
 42283 | Elf:1    | Got a brightly glowing buckler
 42654 | Elf:2    | Found a flickering gateway to a bazaar.
 42664 | Bazaar   | Entered a bazaar
 42679 | Bazaar   | Found Hujam's Jewellery Emporium.
 42679 | Bazaar   | Found Cammo's Book Shoppe.
 42702 | Bazaar   | Found Tollycre's Gadget Shoppe.
 42717 | Bazaar   | Found Oroigaj's Distillery.
 42717 | Bazaar   | Found Purie's Antique Weapon Shoppe.
 42785 | Bazaar   | Bought a potion of heal wounds for 85 gold pieces
 42785 | Bazaar   | Bought a potion of curing for 51 gold pieces
 42785 | Bazaar   | Bought a potion of curing for 51 gold pieces
 42785 | Bazaar   | Bought a potion of haste for 170 gold pieces
 42785 | Bazaar   | Bought a potion of berserk rage for 85 gold pieces
 42785 | Bazaar   | Bought a potion of agility for 68 gold pieces
 42825 | Bazaar   | Bought the amulet "Cobotz" {+Rage rC+} for 486 gold pieces
 43019 | Elf:2    | Identified the +3 buckler of Protective Custody {rPois
                  | Dex+3 SInv} (You found it on level 1 of the Elven Halls)
 43072 | Elf:2    | Found a huge runed translucent gate.
 43072 | Elf:2    | Found a huge runed translucent gate.
 43072 | Elf:2    | Found a huge runed translucent gate.
 43073 | Elf:2    | Found a huge runed translucent gate.
 43075 | Elf:2    | Found a huge runed translucent gate.
 43621 | Elf:2    | Noticed Asterion
 43632 | Elf:2    | Killed Asterion
 43632 | Elf:2    | Received a gift from Okawaru
 44620 | Elf:3    | Entered Level 3 of the Elven Halls
 46178 | Elf:3    | Identified the +4 battleaxe of Guoqo {flame, *Noise Int+3}
 46178 | Elf:3    | Identified the ring "Aqodwiri" {rElec SInv}
 46213 | Elf:3    | Reached skill level 24 in Axes
 46229 | Elf:3    | Identified the +7 trident "Roumnixi" {holy, Int+7}
 46229 | Elf:3    | Identified the ring "Ytyathi" {*Tele *Slow rPois rN+++
                  | Str-2}
 46550 | Elf:3    | Received a gift from Okawaru
 47182 | Elf:3    | Found the +0 staff of Battle
 47348 | Elf:3    | Identified the Papyrus of Decompression
 47356 | Elf:3    | Got a shimmering hat
 47368 | Elf:3    | Identified the +1 hat of the Spheres {rElec rCorr Dex+2
                  | Slay+2} (You acquired it on level 3 of the Elven Halls)
 47599 | Vaults:2 | Received a gift from Okawaru
 47599 | Vaults:2 | Reached XP level 21. HP: 195/195 MP: 33/33
 47627 | Vaults:2 | Got a faintly humming plate armour
 47628 | Vaults:2 | Identified the +2 plate armour of Kumox {rF+} (You acquired
                  | it on level 2 of the Vaults)
 48109 | Vaults:2 | Found Paestrio's Jewellery Shoppe.
 48203 | Vaults:2 | Received a gift from Okawaru
 48349 | Vaults:2 | Noticed Boris
 48363 | Vaults:2 | Killed Boris
 49217 | Temple   | Fell from the grace of Okawaru
 49217 | Temple   | Became a worshipper of the Shining One
 49428 | Depths:1 | Entered Level 1 of the Depths
 49428 | Depths:1 | Found a sparkling altar of Nemelex Xobeh.
 49429 | Depths:1 | Noticed Mara
 49434 | Depths:1 | Noticed MTVSty1e's illusion
 49454 | D:15     | Killed Mara
 50310 | Depths:1 | Reached * piety under the Shining One
 50459 | Depths:1 | Found Jeuraz's General Store.
 50482 | Depths:1 | Bought a ration for 85 gold pieces
 50482 | Depths:1 | Bought a scroll of teleportation for 51 gold pieces
 50482 | Depths:1 | Bought a ration for 85 gold pieces
 50482 | Depths:1 | Bought a scroll of identify for 34 gold pieces
 51520 | Depths:1 | Found Peajac's Demolitions Depot.
 51871 | Depths:1 | Found a gateway to Hell.
 51990 | Depths:2 | Reached skill level 25 in Axes
 52172 | Depths:2 | Reached ** piety under the Shining One
 52390 | Depths:2 | Reached XP level 22. HP: 206/206 MP: 34/34
 52416 | Depths:2 | Noticed a caustic shrike
 52419 | Depths:2 | Killed a caustic shrike
 52593 | Depths:2 | Noticed Sojobo
 52599 | Depths:2 | Killed Sojobo
 52715 | Depths:2 | Reached *** piety under the Shining One
 52800 | Depths:2 | Found a one-way gate leading to the halls of Pandemonium.
 52970 | Depths:2 | Found a one-way gate to the infinite horrors of the Abyss.
 54560 | Depths:3 | Reached **** piety under the Shining One
 54571 | Depths:3 | Paralysed by a great orb of eyes for 4 turns
 54629 | Depths:3 | Was forgiven by Okawaru
 55202 | Depths:3 | Noticed a caustic shrike
 55207 | Depths:3 | Identified the ring "Uchy" {rElec EV+1 SInv}
 55210 | Depths:3 | Killed a caustic shrike
 55631 | Depths:3 | Noticed a juggernaut
 55641 | Depths:3 | Killed a juggernaut
 56025 | Depths:3 | Reached XP level 23. HP: 204/215 MP: 33/36
 56060 | Depths:3 | Reached skill level 26 in Axes
 56329 | Depths:3 | Reached ***** piety under the Shining One
 56571 | Depths:3 | Found a corrupted altar of Lugonu.
 57301 | Depths:4 | Noticed a caustic shrike
 57302 | Depths:4 | Found a hide-covered altar of Uskayaw.
 57302 | Depths:4 | Noticed a caustic shrike
 57307 | Depths:4 | Killed a caustic shrike
 57310 | Depths:4 | Killed a caustic shrike
 57310 | Depths:4 | Noticed a caustic shrike
 57314 | Depths:4 | Killed a caustic shrike
 57490 | Depths:4 | Identified the amulet "Umpor" {rElec rPois Regen+}
 57684 | Depths:4 | Identified the ring "Loabbigg" {rC- Str+5 Int+2}
 58074 | Depths:4 | Noticed a juggernaut
 58085 | Depths:4 | Killed a juggernaut
 58101 | Depths:4 | Identified the amulet of Zuorhup {RegenMP rElec} (You found
                  | it on level 4 of the Depths)
 58104 | Depths:4 | Identified the ring "Ibaocai" {rC+ SInv} (You found it on
                  | level 4 of the Depths)
 58580 | Depths:5 | Entered Level 5 of the Depths
 58619 | Depths:5 | Found a flickering gateway to a bazaar.
 58752 | Depths:5 | Reached ****** piety under the Shining One
 58765 | Depths:5 | Reached XP level 24. HP: 225/225 MP: 36/36
 58829 | Depths:5 | Found a gate to the Realm of Zot.
 58855 | Depths:5 | Found Gefasamiok's Jewellery Shop.
 58875 | Depths:5 | Found Zaergh's Weapon Boutique.
 58885 | Depths:5 | Reached skill level 27 in Axes
 58984 | Depths:5 | Found a gateway to a ziggurat.
 59015 | Depths:5 | Found a portal to a secret trove of treasure.
 59168 | Bazaar   | Entered a bazaar
 59174 | Bazaar   | Found Ejoinedu's Jewellery Boutique.
 59177 | Bazaar   | Found Poimotuo's Antique Armour Shoppe.
 59190 | Bazaar   | Found Raseud's Magic Scroll Shoppe.
 59198 | Bazaar   | Found Umuti's Jewellery Emporium.
 59206 | Bazaar   | Bought the ring of the Mage {Wiz MR++ Int+3} for 775 gold
                  | pieces
 59206 | Bazaar   | Found the ring of the Mage {Wiz MR++ Int+3}
 59324 | Bazaar   | Bought a scroll of identify for 22 gold pieces
 59324 | Bazaar   | Bought 3 scrolls of identify for 66 gold pieces
 59324 | Bazaar   | Bought a scroll of magic mapping for 38 gold pieces
 59324 | Bazaar   | Bought a scroll of remove curse for 33 gold pieces
 59324 | Bazaar   | Bought a scroll of teleportation for 33 gold pieces
 59324 | Bazaar   | Bought a scroll of enchant weapon for 82 gold pieces
 59324 | Bazaar   | Bought a scroll of teleportation for 33 gold pieces
 59324 | Bazaar   | Bought a scroll of magic mapping for 38 gold pieces
 59324 | Bazaar   | Bought a scroll of identify for 22 gold pieces
 60078 | Vaults:3 | Reached skill level 1 in Dodging
 60717 | Vaults:3 | Identified a +9 broad axe of holy wrath (a +9 broad axe of
                  | electrocution blessed by the Shining One)
 60717 | Vaults:3 | Received a gift from the Shining One
 60734 | Vaults:3 | Found a staircase to the Crypt.
 61207 | Vaults:3 | Noticed Saint Roka
 61225 | Vaults:3 | Killed Saint Roka
 61525 | Crypt:1  | Entered Level 1 of the Crypt
 61679 | Crypt:1  | Noticed Boris
 61687 | Crypt:1  | Killed Boris
 61949 | Crypt:1  | Identified Gihiu's Reference Book on Transmutation and Dark
                  | Secrets
 62184 | Crypt:2  | Reached skill level 5 in Dodging
 62235 | Crypt:2  | Noticed a greater mummy
 62246 | Crypt:2  | Killed a greater mummy
 62246 | Crypt:2  | Reached XP level 25. HP: 157/235 MP: 25/37
 62251 | Crypt:2  | Noticed a greater mummy
 62889 | Crypt:2  | Killed a greater mummy
 62920 | Crypt:2  | Noticed Khufu
 62964 | Crypt:2  | Killed Khufu
 63447 | Crypt:2  | Identified the +0 helmet of Juijesch {Int+4 Dex+4} (You
                  | found it on level 2 of the Crypt)
 63563 | Crypt:3  | Entered Level 3 of the Crypt
 63672 | Crypt:3  | Found a staircase to the Tomb.
 64098 | Crypt:3  | Identified the +2 cloak "Qawnadit" {rN++} (You found it on
                  | level 3 of the Crypt)
 64803 | Crypt:3  | Noticed an ancient lich
 64808 | Crypt:3  | Killed an ancient lich
 64821 | Crypt:3  | Identified the Tome of Clay
 64837 | Crypt:3  | Identified the Disquisition on Dark Magic
 65660 | Vaults:4 | Reached XP level 26. HP: 247/247 MP: 37/37
 66087 | Vaults:4 | Found a gateway to a bazaar.
 66613 | Vaults:5 | Entered Level 5 of the Vaults
 66630 | Vaults:5 | Cast into level 3 of the Abyss (vault guard)
 66647 | Abyss:3  | Found a corrupted altar of Lugonu.
 66840 | Abyss:5  | Entered Level 5 of the Abyss
 66846 | Abyss:5  | Found a corrupted altar of Lugonu.
 66998 | Abyss:5  | Gained mutation: You are dopey. (Int -2) [a neqoxec]
 67624 | Abyss:5  | Paralysed by accursed screaming for 1 turns
 67629 | Abyss:5  | Reached skill level 10 in Dodging
 67630 | Abyss:5  | Gained mutation: You are clumsy. (Dex -2) [a neqoxec]
 67812 | Abyss:5  | Gained mutation: Your magical capacity is low. (-10% MP) [a
                  | neqoxec]
 67827 | Abyss:5  | Found a glowing golden altar of the Shining One.
 67836 | Abyss:5  | Noticed a juggernaut
 67848 | Abyss:5  | Killed a juggernaut
 67848 | Abyss:5  | Reached XP level 27. HP: 194/260 MP: 20/34
 67864 | Abyss:5  | Got an abyssal rune of Zot
 67868 | Abyss:5  | Found a glowing golden altar of the Shining One.
 67886 | Vaults:5 | Escaped the Abyss
 67900 | Vaults:5 | Noticed an ancient lich
 67976 | Vaults:5 | Identified the cursed +3 morningstar of Change {crush, rC+
                  | Int-2 Dex+6}
 68318 | Vaults:5 | Killed an ancient lich
 68457 | Vaults:5 | Identified the +1 cloak of Elyvilon's Benevolence {rF+ MP-9
                  | SInv} (You found it on level 5 of the Vaults)
 68464 | Vaults:5 | Identified the +2 robe of Gravitas {rElec Str+3}
 68467 | Vaults:5 | Got a silver rune of Zot
 68668 | Vaults:5 | Identified Sif Muna's Disquisition on the Escort and the
                  | Compass
 69024 | Vaults:5 | Identified the cursed +0 plate armour of the Unbroken
                  | {Str+4 Int+3}
 69293 | Vaults:5 | Noticed Mennas
 69323 | Vaults:5 | Killed Mennas
 69467 | Vaults:5 | Identified the cursed +2 shortbow of the Lurker {freeze,
                  | +Fly rN+ Int-5 Dex+3 Stlth+}
 70469 | Slime:1  | Entered Level 1 of the Pits of Slime
 71164 | Slime:5  | Entered Level 5 of the Pits of Slime
 71605 | Slime:5  | Gained mutation: You have sharp toenails. [a shining eye]
 71786 | Slime:5  | Noticed the Royal Jelly
 71797 | Slime:5  | Killed the Royal Jelly
 71892 | Slime:5  | Identified the Tome of Companions and the Volcanoes
 71895 | Slime:5  | Got a slimy rune of Zot
 71921 | Slime:5  | Identified the Grimoire of the Noxious Birds
 72067 | Lair:6   | Found the +2 hat of the Bear Spirit {Spirit, +Rage rN+
                  | MR++}
 72417 | Hell     | Entered the Vestibule of Hell
 72445 | Hell     | Noticed Geryon
 72462 | Hell     | Killed Geryon
 72549 | Hell     | Found a gateway to the ashen valley of Gehenna.
 72609 | Hell     | Found a gateway to the Iron City of Dis.
 72653 | Hell     | Found a gateway to the freezing wastes of Cocytus.
 72839 | Hell     | Found a gateway to the decaying netherworld of Tartarus.
 73653 | Zig:1    | Entered Level 1 of a ziggurat
 73680 | Zig:2    | Entered Level 2 of a ziggurat
 73683 | Zig:2    | Noticed Norphiequ the pandemonium lord
 73690 | Zig:2    | Cast into level 5 of the Abyss (Norphiequ)
 73690 | Abyss:5  | Entered Level 5 of the Abyss
 73754 | Abyss:5  | Found a corrupted altar of Lugonu.
 73867 | Zig:2    | Escaped the Abyss
 73879 | Zig:2    | Killed Norphiequ the pandemonium lord
 74140 | Zig:2    | Lost mutation: You have sharp toenails. [potion of
                  | mutation]
 74140 | Zig:2    | Lost mutation: You are clumsy. (Dex -2) [potion of
                  | mutation]
 74140 | Zig:2    | Lost mutation: You are dopey. (Int -2) [potion of mutation]
 74140 | Zig:2    | Gained mutation: You frequently scream uncontrollably at
                  | your foes. [potion of mutation]
 74140 | Zig:2    | Gained mutation: You have a pair of large horns on your
                  | head. [potion of mutation]
 74140 | Zig:2    | Gained mutation: You are robust. (+10% HP) [potion of
                  | mutation]
 74288 | Zig:3    | Entered Level 3 of a ziggurat
 74322 | Zig:3    | Lost mutation: You occasionally shout uncontrollably at
                  | your foes. [potion of mutation]
 74322 | Zig:3    | Lost mutation: You are robust. (+10% HP) [potion of
                  | mutation]
 74322 | Zig:3    | Gained mutation: Your magical capacity is very low. (-20%
                  | MP) [potion of mutation]
 74322 | Zig:3    | Gained mutation: Your mind is acute. (Int +2) [potion of
                  | mutation]
 74322 | Zig:3    | Gained mutation: You are partially covered in large bone
                  | plates. (SH +4) [potion of mutation]
 74322 | Zig:3    | Gained mutation: Your spells are a little harder to cast,
                  | but a little more powerful. [potion of mutation]
 74328 | Zig:4    | Entered Level 4 of a ziggurat
 74360 | Zig:5    | Entered Level 5 of a ziggurat
 74406 | Zig:6    | Entered Level 6 of a ziggurat
 74451 | Zig:7    | Entered Level 7 of a ziggurat
 74489 | Zig:7    | Got a coiled iron ring
 74490 | Zig:7    | Identified the ring of Interdependent Arising {rElec rN+
                  | Str-3 Dex+4} (You found it on level 7 of a ziggurat)
 74524 | Zig:8    | Entered Level 8 of a ziggurat
 74652 | Zig:9    | Entered Level 9 of a ziggurat
 74660 | Zig:9    | Noticed an ancient lich
 74660 | Zig:9    | Noticed an ancient lich
 74662 | Zig:9    | Found the +7 great mace "Firestarter" {inner flame, rF++}
 74670 | Zig:9    | Killed an ancient lich
 74670 | Zig:9    | Reached skill level 15 in Dodging
 74673 | Zig:9    | Killed an ancient lich
 74678 | Zig:9    | Identified the Reference Book on the Glacier
 74705 | Zig:10   | Entered Level 10 of a ziggurat
 74741 | Zig:10   | Identified the Disquisition on Poisoning and Enchantment
 74775 | Zig:11   | Entered Level 11 of a ziggurat
 74786 | Zig:11   | Found the +7 pair of quick blades "Gyre" and "Gimble"
                  | {protect}
 74819 | Zig:11   | Got a smoking golden ring
 74820 | Zig:11   | Identified the ring "Rovopaptoy" {MR+ AC+2} (You found it
                  | on level 11 of a ziggurat)
 74830 | Zig:11   | Identified the +2 cloak of Geedisou {rC- rCorr MP+9} (You
                  | found it on level 11 of a ziggurat)
 74835 | Zig:11   | Got a distressingly furry robe
 74953 | Zig:12   | Entered Level 12 of a ziggurat
 74964 | Zig:12   | Found the +8 longbow "Zephyr" {speed, Dex+3 SInv}
 75324 | Zig:13   | Entered Level 13 of a ziggurat
 75383 | Zig:13   | Identified the amulet of Duusas {Inacc rN+ Stlth+} (You
                  | found it on level 13 of a ziggurat)
 75557 | Zig:13   | Got a heavily runed crystal plate armour
 75558 | Zig:13   | Identified the +13 crystal plate armour of the Great Game
                  | {Dex+3 Stlth+} (You acquired it on level 13 of a ziggurat)
 75622 | Zig:14   | Entered Level 14 of a ziggurat
 75630 | Zig:14   | Noticed a juggernaut
 75630 | Zig:14   | Noticed a juggernaut
 75631 | Zig:14   | Noticed a juggernaut
 75631 | Zig:14   | Noticed a juggernaut
 75640 | Zig:14   | The Shining One protects you from harm!
 75641 | Zig:14   | Mangled by a juggernaut

Levels and vault maps discovered:
D:1:      dpeg_arrival_ratfight, layout_basic
D:2:      layout_basic, overflow_temple_1_default, serial_rivers,
          chequers_serial_rivers_room_a, chequers_serial_rivers_marsh,
          chequers_serial_rivers_room_a, chequers_serial_rivers_micro_e,
          chequers_serial_rivers_micro_b, chequers_serial_rivers_room_b,
          minmay_fractal_squares_gapless_5
D:3:      layout_loops_ring, vehumet_crystals, portal_sewer_entry_d,
          uniq_jessica
D:4:      layout_cave_pools, kennysheep_mini, lemuel_round_altar, first_ration
D:5:      layout_cave_pods, hangedman_ru_absence
D:6:      layout_layer_cave, kennysheep_little_box, minmay_temple_entry_grid,
          minivault_23, uniq_crazy_yiuf_cottage
D:7:      layout_rooms, old_standard_altar
D:8:      layout_loops_corners, lemuel_zombie_altar_yredelemnul, serial_shops,
          shop
D:9:      layout_cave_pools, fedhas_altar_fruit_tree, david_lair_shrubbed
D:10:     layout_basic, orc_0_dummy, uniq_nergalle
D:11:     layout_rooms, uniq_psyche
D:12:     layout_loops_corners, gammafunk_ghost_spectres,
          gauntlet_entry_generic, blue_anna_alchemist [blue_anna_fruit_fields,
          blue_anna_fruit_fields]
D:13:     layout_loops_ring, lightli_vaults_fourway_checkpoint, basic_altar,
          grunt_decor_resistance
D:14:     layout_loops_corners, serial_shops, shop, kennysheep_cross_bottleneck,
          nrook_loot_triangle, grunt_ministairs_2, minmay_quadrilaterals,
          uniq_louise
D:15:     grunt_enter_depths_snipers, layout_cave_pools, uniq_josephine
Temple:   jpeg_temple_clearing
Lair:1:   wad_woods_04, layout_regular_city, infiniplex_staircase_pool_2,
          grunt_megastairs_3
Lair:2:   layout_loops_ring, chequers_serial_rivers_micro_c,
          infiniplex_staircase_pool, uniq_fannar
Lair:3:   layout_chaotic_city, minmay_shoals_entry_centaurs, serial_rivers,
          chequers_serial_rivers_micro_e, chequers_serial_rivers_room_a,
          chequers_serial_rivers_small_b, chequers_serial_rivers_small_b,
          chequers_serial_rivers_micro_a, chequers_serial_rivers_micro_b
Lair:4:   layout_cave_pods, spider_nest_entry_web_field
Lair:5:   layout_small_grid, basic_altar, uniq_urug
Lair:6:   grunt_lair_end_beastmaster, layout_regular_city,
          dpeg_slime_entry_enclosed_altar, serial_bayou_pond_b
Shoals:1: layout_shoals
Shoals:2: layout_shoals, nicolae_shoals_seven_spires
Shoals:3: layout_shoals, uniq_aizul, uniq_polyphemus
Shoals:4: shoals_end_simple, layout_shoals, shoal_ilsuiw, uniq_nikola,
          uniq_bai_suzhen
Spider:1: layout_spider_delve, drop_trap
Spider:2: nicolae_spider_mines_1, drop_trap
Spider:3: spider_temple_joshua, uniq_arachne
Spider:4: grunt_spider_rune_parallel
Slime:1:  layout_caves
Slime:2:  layout_caves
Slime:3:  layout_caves, basic_altar
Slime:4:  layout_caves
Slime:5
Orc:1:    nicolae_orc_accident_3, layout_caves
Orc:2:    st_orc_rangers, layout_caves, serial_shops, shop,
          gammafunk_ghost_smash
Elf:1:    minmay_slanted_spiral_squares, layout_onion_city, ebering_ghost_gozag,
          uniq_donald
Elf:2:    layout_rooms, serial_shops, freezing_bzr, uniq_asterion
Elf:3:    minmay_elf_hall_x, layout_loops_corners
Vaults:1: vaults_dpeg_cross, grunt_vaults_bifocal, vaults_room_stairs_pillars,
          ontoclasm_vaults_spin, hangedman_vaults_capsules,
          dpeg_vaults_monster_row, nicolae_vaults_circle_grid_a, v_misc_10,
          vaults_mumra_hexcomb, nicolae_vaults_little_squares_3,
          nicolae_vaults_little_squares_3, vaults_dpeg_ring, layout_vaults_ring
Vaults:2: vaults_room_ringed_pool, ontoclasm_vaults_decontamination,
          hangedman_vaults_restitches, nicolae_vaults_theta,
          nicolae_vaults_rhombus_6, nicolae_vaults_asterisk,
          nicolae_vaults_stairing_the_circle, ontoclasm_vaults_fault,
          nicolae_vaults_little_squares_4, layout_vaults_quadrants,
          serial_shops, shop, uniq_boris
Vaults:3: minmay_crypt_entry_simple_corners, hangedman_vaults_nails, v_misc_28,
          hangedman_vaults_hat, vaults_standard_mumra_enter_the_diamond,
          nicolae_vaults_ninety_degrees, grunt_vaults_focal, st_smaller_cells,
          vaults_dpeg_diagonal, layout_vaults_big_room, uniq_saint_roka
Vaults:4: v_misc_4, hangedman_vaults_corner_blocks, ontoclasm_vaults_misaligned,
          v_alt_pattern_6, vaults_mumra_minichess, nicolae_vaults_theta,
          nicolae_vaults_network_square, hangedman_vaults_stagger,
          ontoclasm_vaults_tryst, grunt_vaults_funnel,
          ontoclasm_vaults_ligature, v_misc_14, nicolae_vaults_little_squares_3,
          hangedman_vaults_stretched_pinwheel, layout_vaults_omnibox,
          serial_shops, bzr_in_the_mist
Vaults:5: serial_shops, uniq_mennas
Crypt:1:  layout_misc_corridors
Crypt:2:  ragdoll_tomb_raider, layout_chaotic_city
Crypt:3:  due_elkab, layout_chaotic_city
Depths:1: layout_cross, hangedman_geh_valley, nemelex_xobeh_ov_fountains_minmay,
          serial_shops, shop, minmay_misc_feat_four_crosses,
          nicolae_blasting_shop, minmay_serpent_palace, uniq_mara
Depths:2: hangedman_stitches_corridor, layout_cave_shapes,
          minmay_misc_feat_encased, hangedman_abyss_entry_splay, pf_coc_iceberg,
          pan_entry, uniq_sojobo
Depths:3: hangedman_box_tower, layout_long_grid, hell_entry,
          grunt_pan_entry_spiral, chequers_serial_rivers_micro_c,
          minmay_gold_behind_fungi, minmay_crystal_water, tgw_lugonu_bribe
Depths:4: minmay_the_grid_triangle_9x9_recursive_2
          [minmay_the_grid_triangle_9x9_prize_special,
          minmay_the_grid_triangle_9x9_intruding_spiral,
          minmay_the_grid_triangle_9x9_alien,
          minmay_the_grid_triangle_9x9_cache], layout_gridville,
          hangedman_abyss_or_decor_lesser_grid, rand_demon_pan_entry_4,
          abyss_entry, hell_entry, argonaut_fire_from_heaven
Depths:5: evilmike_zot_entry_basic, layout_cave_shapes, enter_ziggurat_e,
          enter_trove_5, serial_shops, bzr_entry_islet, nicolae_shop_waterfront,
          shop, minmay_misc_feat_cross, grunt_hell_entry_demonic_statue
Hell
Zig:14

Skill      XL: |  1  2  3  4  5  6  7  8  9 10 11 12 13 14 15 16 17 18 19 20 21 22 23 24 25 26 27 |
---------------+----------------------------------------------------------------------------------+-----
Axes           | 3 4 5 6 8 9 11 13 14 15 16 18 19 20 21 22 23 24 25 26 27 | 27.0
Fighting       | 4 5 6 7 8 10 11 12 13 14 15 16 17 18 19 20 21 22 23 26 | 26.7
Invocations    | 3 6 8 10 12 13 14 15 16 17 18 19 20 21 22 23 26 | 26.3
Armour         | 5 6 8 9 11 12 13 14 15 16 17 18 19 20 21 22 | 22.9
Shields        | 5 6 8 9 10 12 13 14 15 16 17 18 19 20 21 22 | 22.9
Dodging        | 5 8 10 16 | 16.0

Action                   |  1- 3 |  4- 6 |  7- 9 | 10-12 | 13-15 | 16-18 | 19-21 | 22-24 | 25-27 || total
-------------------------+-------+-------+-------+-------+-------+-------+-------+-------+-------++-------
Melee: War axe           |    85 |   198 |   370 |   569 |   133 |       |       |       |       ||  1355
       Headbutt          |     7 |    25 |    63 |   124 |   246 |   321 |   348 |   368 |   519 ||  2021
       Broad axe         |       |       |       |       |   357 |  1134 |  1165 |  1059 |  1660 ||  5375
       Hand axe          |       |       |       |       |   297 |       |       |       |       ||   297
Invok: Heroism           |       |       |     1 |     5 |     2 |     9 |     6 |       |       ||    23
       Finesse           |       |       |       |     1 |     2 |     8 |     4 |       |       ||    15
       Cleansing Flame   |       |       |       |       |       |       |       |    20 |    56 ||    76
       Divine Shield     |       |       |       |       |       |       |       |     1 |     8 ||     9
       Summon Divine War |       |       |       |       |       |       |       |     1 |       ||     1
       Brand Weapon With |       |       |       |       |       |       |       |     1 |       ||     1
 Abil: Evoke Flight      |       |     4 |       |       |       |       |       |       |       ||     4
Evoke: Wand              |       |       |       |       |     1 |       |       |     1 |       ||     2
  Use: Scroll            |       |     7 |    13 |     9 |    19 |    10 |    12 |    11 |    23 ||   104
       Potion            |       |     2 |       |     1 |     3 |     6 |     2 |     7 |    13 ||    34
 Stab: Petrified         |       |       |       |       |     2 |     2 |       |       |       ||     4
       Petrifying        |       |       |       |       |     2 |       |       |       |       ||     2
       Distracted        |       |       |       |       |       |       |     1 |       |       ||     1
  Eat: Chunk             |       |     3 |     3 |     4 |     1 |       |     5 |     3 |     2 ||    21
       Ration            |       |     3 |     4 |     6 |    10 |    12 |    10 |    10 |    15 ||    70
Armor: Scale mail        |    56 |    74 |    20 |       |       |       |       |       |       ||   150
       Ring mail         |       |       |    67 |    96 |       |       |       |       |       ||   163
       Plate armour      |       |       |       |    91 |    98 |       |       |       |       ||   189
       Gold dragon scale |       |       |       |       |   209 |   825 |   518 |   386 |   594 ||  2532
Dodge: Dodged            |    24 |    47 |    85 |   121 |   128 |   490 |   235 |   161 |   417 ||  1708
Block: Shield            |    47 |   186 |   215 |   352 |   248 |       |       |       |       ||  1048
       Reflection        |       |     1 |     3 |    14 |    95 |    36 |   110 |    40 |    93 ||   392
       Large shield      |       |       |       |       |   265 |       |       |       |       ||   265
       Buckler           |       |       |       |       |    65 |   601 |   685 |   702 |  1280 ||  3333
